Map: [ESL] Hecate

Players

LiquidElazer (Elazer) - Winner!

  • Race: Zerg Zerg
  • League: Master
  • Spawn Location: 7:00

gumiho

  • Race: Terran Terran
  • Spawn Location: 1:00

Event: IEM Katowice 2024

VOD

Have the link to the VOD?

Description

Time

  • Played on: Dec. 8, 2023, 12:36 p.m.
  • Length: 12:29

All games in this series

Show
View Real Time Build Order
Export as new Build Order

LiquidElazer Zerg - Winner!

Build Orders: Hatch First 

Get SALT Encoding   

  12  0:00  Drone  
  13  0:11  Overlord  
  13  0:16  Drone  
  14  0:30  Drone x2  
  16  0:46  Hatchery  
  15  0:50  Drone  
  15  0:53  Drone  
  15  0:56  Drone  
  18  1:08  Extractor  
  17  1:12  Spawning Pool  
  17  1:15  Drone  
  17  1:18  Drone  
  18  1:27  Drone  
  19  1:38  Drone  
  20  1:49  Drone  
  21  1:58  Queen  
  21  1:59  Zergling x4, Queen  
  27  2:09  Drone  
  27  2:10  Overlord  
  27  2:11  Metabolic Boost  
  28  2:26  Hatchery  
  28  2:28  Drone  
  28  2:31  Drone  
  28  2:34  Drone  
  28  2:35  Drone  
  31  2:46  Overlord  
  31  2:52  Overlord  
  31  3:08  Queen x2  
  31  3:10  Zergling x8  
  39  3:16  Zergling x4  
  39  3:19  Overlord  
  41  3:23  Drone x2  
  41  3:25  Drone  
  44  3:40  Queen  
  46  3:43  Queen x2  
  46  3:44  Drone x2  
  52  3:50  Drone x3  
  52  3:53  Drone x2  
  57  3:59  Drone  
  57  4:10  Drone  
  57  4:18  Overlord  
  57  4:23  Overlord  
  57  4:26  Overlord  
  57  4:36  Queen x2  
  57  4:37  Drone x4  
  65  4:40  Overlord  
  65  4:42  Drone x8  
  65  4:44  Drone  
  74  4:46  Drone  
  74  4:48  Drone  
  76  4:53  Overlord  
  76  4:54  Drone x5  
  81  5:03  Zergling x12  
  87  5:10  Overlord  
  87  5:15  Roach Warren  
  87  5:18  Drone x3  
  89  5:23  Extractor  
  89  5:24  Extractor  
  89  5:25  Drone x5, Hatchery  
  91  5:31  Extractor, Overlord  
  91  5:32  Drone x2  
  91  5:33  Drone x2  
  91  5:34  Drone x2  
  96  5:36  Lair  
  96  5:37  Drone  
  96  5:38  Drone, Extractor  
  97  5:43  Overlord  
  97  5:48  Overlord x2  
  97  5:57  Roach x4  
  97  6:03  Roach x2  
  104  6:06  Roach x2  
  101  6:12  Spore Crawler  
  101  6:17  Roach x4  
  107  6:22  Roach  
  107  6:25  Overlord  
  106  6:34  Drone x5, Overlord  
  106  6:38  Glial Reconstitution, Queen  
  113  6:42  Drone  
  113  6:43  Drone x6, Evolution Chamber x2  
  113  6:47  Spore Crawler  
  117  6:48  Drone, Overlord  
  117  6:49  Overseer  
  117  6:51  Ravager  
  119  6:56  Extractor  
  118  7:02  Drone  
  118  7:03  Drone x4  
  123  7:09  Roach x5  
  123  7:12  Zerg Melee Weapons Level 1  
  123  7:15  Zerg Ground Armor Level 1, Overlord  
  133  7:18  Extractor  
  133  7:19  Drone x7, Extractor  
  133  7:21  Zergling x4  
  133  7:22  Ravager  
  141  7:26  Ravager  
  141  7:27  Zergling x4  
  144  7:36  Zergling x12  
  121  7:51  Roach x10  
  121  7:56  Roach  
  121  7:57  Roach  
  138  8:01  Roach  
  138  8:03  Ravager x3  
  143  8:06  Infestation Pit, Baneling Nest  
  143  8:10  Roach x4, Hatchery  
  148  8:15  Roach  
  148  8:16  Roach x6  
  162  8:23  Drone x3  
  165  8:30  Drone  
  165  8:31  Drone  
  165  8:33  Overlord x3  
  167  8:38  Hatchery  
  166  8:44  Hive  
  166  8:50  Zergling x2  
  166  8:52  Zergling x2, Centrifugal Hooks, Overlord  
  166  8:53  Zergling x16  
  176  9:00  Ravager x2  
  176  9:01  Zergling x10  
  176  9:02  Zergling x2  
  182  9:10  Zergling x2  
  182  9:11  Zergling x16  
  180  9:24  Zergling x14  
  180  9:25  Zergling x2  
  180  9:27  Zerg Melee Weapons Level 2, Zerg Ground Armor Level 2  
  187  9:33  Zergling x12  
  187  9:36  Ravager  
  193  9:38  Zergling x2  
  193  9:39  Zergling x6  
  193  9:44  Spore Crawler  
  196  9:47  Baneling x11  
  196  9:49  Baneling x2  
  196  9:50  Baneling x10  
  196  9:51  Zergling x6  
  199  9:53  Hatchery  
  199  9:54  Burrow  
  199  9:55  Pneumatized Carapace  
  199  9:56  Adrenal Glands  
  198  10:02  Viper  
  198  10:04  Baneling x9  
  198  10:05  Baneling x5  
  199  10:09  Overseer x2  
  199  10:25  Baneling x14  
  198  10:32  Spore Crawler  
  198  10:33  Spore Crawler  
  198  10:34  Baneling  
  198  10:35  Baneling x6  
  196  10:43  Zergling x6  
  199  10:55  Zergling x10  
  199  11:11  Zergling x2  
  199  11:15  Overseer x2  
  191  11:36  Zergling x6  
  191  11:37  Zergling x32  
  163  11:52  Zergling x36  
  163  11:53  Zergling x52  
  193  11:56  Ultralisk Cavern  
  193  11:59  Zergling x2  
  192  12:08  Overlord x3  
Show
View Real Time Build Order
Export as new Build Order

gumiho Terran 

Build Orders:  

Get SALT Encoding   

  12  0:00  SCV  
  13  0:12  SCV  
  14  0:18  Supply Depot  
  14  0:24  SCV  
  15  0:40  SCV  
  15  0:41  Barracks  
  16  0:52  SCV  
  17  1:04  SCV  
  18  1:05  Refinery  
  18  1:16  SCV  
  19  1:28  Orbital Command, Marine  
  20  1:38  Command Center  
  20  1:43  Supply Depot  
  20  1:46  Marine  
  21  1:54  SCV  
  22  2:04  Marine  
  22  2:07  Factory  
  22  2:08  SCV  
  24  2:12  Refinery  
  24  2:20  SCV  
  25  2:32  SCV  
  26  2:44  SCV  
  26  2:51  Orbital Command, Hellion  
  29  2:52  Starport  
  29  2:56  SCV  
  29  2:57  Barracks Reactor  
  30  3:08  SCV  
  30  3:12  Hellion  
  33  3:14  Barracks  
  33  3:17  SCV  
  34  3:20  Supply Depot  
  34  3:25  SCV  
  35  3:29  SCV  
  35  3:33  Hellion, Marine  
  35  3:34  Marine  
  40  3:35  Medivac  
  40  3:37  SCV  
  43  3:41  Supply Depot  
  43  3:49  SCV x2  
  43  3:51  Marine x2  
  43  3:55  Hellion  
  49  4:01  SCV  
  49  4:02  Barracks Tech Lab, SCV  
  51  4:05  Medivac  
  51  4:06  Supply Depot  
  51  4:16  Marine  
  50  4:21  Hellion  
  50  4:23  Marine x2  
  52  4:24  Stimpack  
  52  4:28  SCV  
  52  4:29  SCV  
  54  4:34  Marine  
  54  4:37  Command Center  
  54  4:38  Liberator  
  58  4:41  SCV x2, Marine  
  61  4:48  Supply Depot, Marine  
  61  4:50  Factory Tech Lab  
  61  4:52  Marine  
  63  4:53  SCV  
  63  4:54  SCV  
  63  4:58  Marine  
  66  5:06  SCV x2  
  68  5:07  Marine, Refinery  
  68  5:09  Marine  
  68  5:10  Siege Tank  
  73  5:18  Barracks  
  73  5:19  Barracks  
  73  5:20  Barracks  
  73  5:21  SCV  
  74  5:24  Starport Reactor  
  75  5:28  SCV  
  75  5:32  Engineering Bay  
  75  5:33  Engineering Bay  
  75  5:34  Marine x2  
  77  5:36  Marine  
  78  5:45  SCV x2  
  80  5:50  Orbital Command  
  80  5:51  Refinery  
  80  5:54  Siege Tank  
  82  6:06  Marine x2  
  80  6:11  SCV x2  
  80  6:13  Barracks Reactor x2  
  80  6:14  Barracks Reactor  
  80  6:15  Marine  
  80  6:23  SCV x2  
  80  6:24  Marine  
  83  6:26  Siege Tank, Marine  
  83  6:32  Marine  
  87  6:33  Supply Depot  
  87  6:35  SCV x2  
  87  6:37  Orbital Command  
  90  6:42  Combat Shield, Marine  
  90  6:44  Marine  
  92  6:47  SCV x2  
  92  6:50  Marine  
  95  6:55  Terran Infantry Weapons Level 1  
  95  6:56  Terran Infantry Armor Level 1  
  95  6:58  Siege Tank  
  95  6:59  Marine, SCV  
  95  7:00  SCV  
  101  7:02  Medivac, Marine  
  101  7:04  SCV  
  101  7:06  Medivac  
  107  7:12  SCV  
  107  7:14  Supply Depot  
  107  7:15  Supply Depot  
  108  7:18  Factory  
  108  7:20  SCV  
  109  7:24  SCV x2  
  109  7:25  Supply Depot  
  109  7:26  Refinery  
  109  7:29  Armory  
  103  7:49  Marine x2  
  88  7:51  Marine  
  88  7:52  Marine  
  88  7:53  Marine x2  
  88  7:54  Marine  
  88  7:58  Siege Tank, Marine x2  
  89  7:59  Command Center  
  89  8:00  SCV x3  
  89  8:04  Factory Tech Lab  
  92  8:07  Marine x2  
  92  8:12  SCV x3  
  97  8:15  Barracks  
  97  8:17  Barracks  
  97  8:18  Barracks  
  97  8:21  Marine x7  
  97  8:22  Refinery  
  97  8:24  SCV x3  
  97  8:25  Marine x2  
  109  8:31  Siege Tank  
  109  8:32  Bunker, Siege Tank  
  115  8:34  Sensor Tower  
  115  8:35  Terran Vehicle Weapons Level 1  
  115  8:36  SCV x3  
  115  8:39  Marine x3  
  121  8:42  Medivac  
  121  8:43  Factory  
  123  8:48  Marine  
  123  8:49  Marine x5  
  123  8:53  Terran Infantry Weapons Level 2  
  129  8:57  Marine x3  
  129  8:58  Terran Infantry Armor Level 2  
  132  9:06  Marine x4  
  132  9:09  Marine x2  
  136  9:11  Marine x2  
  136  9:12  Marine  
  136  9:16  Siege Tank  
  144  9:17  Siege Tank  
  144  9:20  Marine x2  
  144  9:21  Marine  
  140  9:27  Marine x2  
  140  9:30  Marauder  
  144  9:31  Marine  
  144  9:32  Marine  
  144  9:34  Marine x2  
  144  9:36  SCV x2  
  144  9:38  Orbital Command, SCV  
  151  9:41  Barracks Tech Lab x2  
  151  9:46  Bunker  
  151  9:48  Siege Tank, SCV x2  
  151  9:51  Sensor Tower  
  151  9:52  Missile Turret  
  156  9:55  Sensor Tower  
  156  9:57  Supply Depot  
  156  9:58  Supply Depot x2  
  156  10:02  Refinery  
  156  10:04  Refinery  
  156  10:13  Factory Reactor, Drilling Claws  
  156  10:19  Siege Tank, Marauder  
  156  10:20  Siege Tank  
  164  10:21  Missile Turret  
  164  10:23  Command Center  
  164  10:28  Medivac x2  
  168  10:32  Supply Depot x2  
  168  10:34  Supply Depot  
  168  10:47  Command Center  
  168  10:51  Siege Tank  
  168  10:53  Missile Turret  
  168  10:55  Marauder  
  170  10:57  Barracks Tech Lab  
  170  11:03  Missile Turret  
  170  11:05  SCV x3  
  170  11:06  SCV, Ghost Academy  
  170  11:10  Command Center  
  174  11:22  Concussive Shells  
  174  11:27  Command Center  
  174  11:31  Orbital Command  
  153  11:46  Marauder, Marine x4  
  141  11:50  Marine x3  
  141  11:51  Marine, Marauder x2  
  141  11:52  Marauder  
  148  12:03  Marine  
  148  12:04  Marine x2  
  148  12:05  Marine  
  148  12:07  Marauder  
  148  12:08  Marine x3  

Tags
 
Add a new tag
Caveats
  • Supply blocks, unpowered buildings, or Contaminate may cause inaccurate times.
  • Supply counts are checked every 10 seconds.